Connexion

COLUMBUS Blue Jackets vs FLORIDA Panthers

Created - 14 mars 2024 at 05:54

Goals
1 2 3 T
COLUMBUS Blue Jackets 2 1 1 4
FLORIDA Panthers 2 0 1 3
Shots
1 2 3 T
COLUMBUS Blue Jackets 12 6 6 24
FLORIDA Panthers 13 11 8 32

GoalsPenalties
1st period
1. COLUMBUS Blue Jackets , Pierre-luc Dubois 34 (Nino Niederreiter 23, Will Borgen 12) at 5:42
2. COLUMBUS Blue Jackets , Colin Blackwell 16 (Dante Fabbro 44, Bo Horvat 29) at 6:53
3. FLORIDA Panthers , Cody Eakin 20 (Ian Cole 37, Carter Verhaeghe 34) at 11:07
4. FLORIDA Panthers , Carter Verhaeghe 25 (Barclay Goodrow 20, Mikael Backlund 38) at 17:27
Nikita Zadorov (FLO) for Holding (Minor) at 1:23
Artturi Lehkonen (CLB) for Delaying the game (Minor) at 8:56
2nd period
5. COLUMBUS Blue Jackets , Colin Blackwell 17 (Yan Gourde 26, William Lagesson 26) at 9:01
William Lagesson (CLB) for Holding (Minor) at 6:47
3rd period
6. COLUMBUS Blue Jackets , Colin Blackwell 18 (Yan Gourde 27, Bo Horvat 30) at 8:29
7. FLORIDA Panthers , Mikael Backlund 30 (Ian Cole 38, Mario Ferraro 32) at 15:40
Carson Soucy (CLB) for Hooking (Minor) at 1:25
Will Borgen (CLB) for Holding Stick (Minor) at 10:05
Goalie Stats
Chris Driedger (CLB), 29 saves from 32 shots - (0,906), W, 9-6-1, 60:00 minutes
Hunter Miska (FLO), 5 saves from 5 shots - (1,000), 10:35 minutes
Jake Allen (FLO), 15 saves from 19 shots - (0,789), L, 7-12-2, 48:29 minutes
3 StarsOfficial
1 - Colin Blackwell (CLB)
2 - Carter Verhaeghe (FLO)
3 - Mikael Backlund (FLO)
Referees : Dan Marouelli and Brad Meier
Linesman : Mike Cvik and Lonnie Cameron
Game Note
Colin Blackwell has scored a Hat Trick!
Hunter Miska enters game at 8:29 of 3rd period
Finance
Level 1 -- Attendance: 5643 (94,05%) -- Ticket Income $733,590
Level 2 -- Attendance: 5593 (89,49%) -- Ticket Income $363,545
Level 3 -- Attendance: 1989 (99,45%) -- Ticket Income $99,450
Level 4 -- Attendance: 3707 (92,68%) -- Ticket Income $111,210
Luxury Box -- Attendance: 923 (92,30%) -- Ticket Income $221,520
Game was played at the BankAtlantic Center.
Total Attendance: 17855 (92,75%)
Total Ticket Income: $1,529,315
Other Income: $305,863
Total Income: $1,835,178



Team Name Goals Shots Shots Attemp Shots Blocked PIM HIT PP PK FO%
COLUMBUS Blue Jackets 42445168110 / 1 (0%)053%
FLORIDA Panthers 3326762160 / 4 (0%)048%

COLUMBUS Blue Jackets
Player Name POS G A P +/- PIM HIT SHT SB MP PP MP PP SHT PK MP PK SHT FO% FOT
Artturi LehkonenLW/RW000-1202011:310:0000:0000% 0
Bo HorvatC0222012022:120:4802:27057% 21
Carson SoucyD0001220221:260:4802:5100% 0
Colin BlackwellC/LW/RW3032025019:480:4800:0300% 1
Dante FabbroD0110001524:521:1114:0200% 0
Jack RoslovicC/RW000-2001025:531:1105:15059% 46
John MarinoD0000010624:521:1104:0200% 0
Jordan GrossD0000001113:350:0000:1900% 0
Justin DanforthRW0001000011:410:0000:000100% 1
Nick PaulLW000000000:000:0000:0000% 0
Nino NiederreiterLW/RW0111000011:410:0000:000100% 1
Pierre-luc DuboisC/LW1010023025:021:1104:15013% 8
Rudolfs BalcersLW/RW000000000:000:0000:0000% 0
Sven BaertschiLW000-1013012:570:0001:2500% 1
Tyler JohnsonC/LW/RW000-1012011:331:1102:2700% 1
Will BorgenD0110211114:280:0001:5100% 0
William LagessonD0111200120:440:4802:4700% 0
Yan GourdeC/LW/RW0222003019:450:4800:0000% 0
FLORIDA Panthers
Player Name POS G A P +/- PIM HIT SHT SB MP PP MP PP SHT PK MP PK SHT FO% FOT
Barclay GoodrowLW/RW0111010014:150:0000:000100% 1
Carter VerhaegheC/RW1122016015:230:3400:0000% 1
Cody EakinC/LW1010002110:570:0000:00047% 15
Ian ColeD0222013119:454:1120:5100% 0
Jacob TroubaD000-3021015:020:0000:0000% 0
Jared Spurgeon D0000013025:133:4511:0800% 0
Justin ScottC/LW/RW000-1004111:284:2100:4600% 0
Kiril KaprizovLW000-1021023:203:3501:1300% 2
Mario FerraroD0112010220:284:1100:5100% 0
Mark ScheifeleC000-1024023:203:3521:13046% 28
Michael BuntingLW0000011010:410:0000:0000% 0
Mikael BacklundC/LW1121013019:224:2110:46047% 19
Morgan GeekieC000-100106:370:0000:00060% 10
Nikita ZadorovD000-3220014:180:0000:0000% 0
Nikolay GoldobinLW/RW000-1011021:333:0100:00033% 3
Noah HanifinD0000001125:133:4501:0800% 0
Rickard RakellC/LW/RW000-1001014:284:2100:000100% 1
Taro HiroseLW000-100006:370:0000:0000% 0



Play-by-Play

1st period


0:01 of 1st period - Jack Roslovic wins face-off versus Nikolay Goldobin in neutral zone.
0:24 of 1st period - Shot by Nikolay Goldobin.
0:24 of 1st period - Shot Misses the Net.
0:32 of 1st period - Shot by Nikolay Goldobin.
0:32 of 1st period - Stopped by Chris Driedger without a rebound.
0:33 of 1st period - Bo Horvat wins face-off versus Mikael Backlund in COLUMBUS Blue Jackets zone.
0:33 of 1st period - Bo Horvat is hit by Barclay Goodrow.
0:39 of 1st period - Carter Verhaeghe is hit by Colin Blackwell and loses puck.
0:46 of 1st period - Shot by Ian Cole.
0:46 of 1st period - Shot Blocked by Carson Soucy.
1:12 of 1st period - Shot by Bo Horvat.
1:12 of 1st period - Stopped by Jake Allen without a rebound.
1:13 of 1st period - Jack Roslovic wins face-off versus Cody Eakin in FLORIDA Panthers zone.
1:18 of 1st period - Shot by Artturi Lehkonen.
1:18 of 1st period - Stopped by Jake Allen without a rebound.
1:19 of 1st period - Jack Roslovic wins face-off versus Cody Eakin in FLORIDA Panthers zone.
1:23 of 1st period - Minor Penalty to Nikita Zadorov for Holding.
1:24 of 1st period - Jack Roslovic wins face-off versus Mark Scheifele in FLORIDA Panthers zone.
1:28 of 1st period - Jack Roslovic is hit by Jared Spurgeon and loses puck.
1:41 of 1st period - Shot by John Marino.
1:41 of 1st period - Shot Misses the Net.
1:43 of 1st period - Shot by Pierre-luc Dubois.
1:43 of 1st period - Shot Blocked by Noah Hanifin.
1:45 of 1st period - Shot by Tyler Johnson.
1:45 of 1st period - Deflect By Pierre-luc Dubois.
1:45 of 1st period - Shot Misses the Net.
1:59 of 1st period - Shot by Dante Fabbro.
1:59 of 1st period - Stopped by Jake Allen without a rebound.
2:00 of 1st period - Bo Horvat wins face-off versus Mikael Backlund in FLORIDA Panthers zone.
2:42 of 1st period - Noah Hanifin is hit by Colin Blackwell and loses puck.
3:02 of 1st period - Pierre-luc Dubois is hit by Mario Ferraro and loses puck.
3:45 of 1st period - Shot by Rickard Rakell.
3:45 of 1st period - Stopped by Chris Driedger without a rebound.
3:46 of 1st period - Jack Roslovic wins face-off versus Mikael Backlund in COLUMBUS Blue Jackets zone.
4:31 of 1st period - Mikael Backlund is hit by John Marino and loses puck.
4:39 of 1st period - Icing by John Marino.
4:40 of 1st period - Bo Horvat wins face-off versus Mark Scheifele in COLUMBUS Blue Jackets zone.
4:40 of 1st period - John Marino is hit by Mark Scheifele and loses puck.
5:14 of 1st period - Shot by Yan Gourde.
5:14 of 1st period - Shot Misses the Net.
5:18 of 1st period - Shot by Yan Gourde.
5:18 of 1st period - Shot Misses the Net.
5:20 of 1st period - Shot by Colin Blackwell.
5:20 of 1st period - Stopped by Jake Allen without a rebound.
5:21 of 1st period - Morgan Geekie wins face-off versus Pierre-luc Dubois in FLORIDA Panthers zone.
5:34 of 1st period - Shot by Justin Scott.
5:34 of 1st period - Stopped by Chris Driedger with a rebound.
5:42 of 1st period - Shot by Pierre-luc Dubois.
5:42 of 1st period - Goal by Pierre-luc Dubois - COLUMBUS Blue Jackets : 1 - FLORIDA Panthers : 0.
5:43 of 1st period - Cody Eakin wins face-off versus Jack Roslovic in neutral zone.
6:53 of 1st period - Shot by Colin Blackwell.
6:53 of 1st period - Goal by Colin Blackwell - COLUMBUS Blue Jackets : 2 - FLORIDA Panthers : 0.
6:54 of 1st period - Nino Niederreiter wins face-off versus Mikael Backlund in neutral zone.
8:02 of 1st period - Shot by Yan Gourde.
8:02 of 1st period - Shot Misses the Net.
8:04 of 1st period - Shot by Will Borgen.
8:04 of 1st period - Deflect By Yan Gourde.
8:04 of 1st period - Stopped by Jake Allen with a rebound.
8:23 of 1st period - Shot by Yan Gourde.
8:23 of 1st period - Stopped by Jake Allen with a rebound.
8:25 of 1st period - Shot by Bo Horvat.
8:25 of 1st period - Stopped by Jake Allen with a rebound.
8:46 of 1st period - Icing by Carson Soucy.
8:47 of 1st period - Jack Roslovic wins face-off versus Kiril Kaprizov in COLUMBUS Blue Jackets zone.
8:56 of 1st period - Minor Penalty to Artturi Lehkonen for Delaying the game.
8:57 of 1st period - Jack Roslovic wins face-off versus Mark Scheifele in COLUMBUS Blue Jackets zone.
9:24 of 1st period - Shot by Kiril Kaprizov.
9:24 of 1st period - Shot Misses the Net.
9:26 of 1st period - Shot by Jared Spurgeon .
9:26 of 1st period - Stopped by Chris Driedger without a rebound.
9:27 of 1st period - Jack Roslovic wins face-off versus Kiril Kaprizov in COLUMBUS Blue Jackets zone.
9:49 of 1st period - Shot by Ian Cole.
9:49 of 1st period - Shot Misses the Net.
10:23 of 1st period - Shot by Noah Hanifin.
10:23 of 1st period - Shot Blocked by Dante Fabbro.
11:07 of 1st period - Shot by Cody Eakin.
11:07 of 1st period - Goal by Cody Eakin - COLUMBUS Blue Jackets : 2 - FLORIDA Panthers : 1.
11:08 of 1st period - Morgan Geekie wins face-off versus Jack Roslovic in neutral zone.
11:13 of 1st period - Shot by Justin Scott.
11:13 of 1st period - Stopped by Chris Driedger without a rebound.
11:14 of 1st period - Cody Eakin wins face-off versus Bo Horvat in COLUMBUS Blue Jackets zone.
11:33 of 1st period - Shot by Cody Eakin.
11:33 of 1st period - Stopped by Chris Driedger without a rebound.
11:34 of 1st period - Jack Roslovic wins face-off versus Mark Scheifele in COLUMBUS Blue Jackets zone.
11:49 of 1st period - Shot by Kiril Kaprizov.
11:49 of 1st period - Shot Blocked by John Marino.
12:01 of 1st period - Shot by Jack Roslovic.
12:01 of 1st period - Shot Misses the Net.
12:54 of 1st period - Justin Scott is hit by Carson Soucy and loses puck.
13:59 of 1st period - Shot by Jordan Gross.
13:59 of 1st period - Stopped by Jake Allen without a rebound.
14:00 of 1st period - Mikael Backlund wins face-off versus Jack Roslovic in FLORIDA Panthers zone.
14:09 of 1st period - Shot by Mikael Backlund.
14:09 of 1st period - Deflect By Carter Verhaeghe.
14:09 of 1st period - Stopped by Chris Driedger without a rebound.
14:10 of 1st period - Cody Eakin wins face-off versus Jack Roslovic in COLUMBUS Blue Jackets zone.
14:16 of 1st period - Off-side.
14:17 of 1st period - Mark Scheifele wins face-off versus Jack Roslovic in neutral zone.
14:19 of 1st period - Off-side.
14:20 of 1st period - Jack Roslovic wins face-off versus Mark Scheifele in neutral zone.
14:37 of 1st period - Icing by Dante Fabbro.
14:38 of 1st period - Jack Roslovic wins face-off versus Mikael Backlund in COLUMBUS Blue Jackets zone.
14:56 of 1st period - Shot by Mikael Backlund.
14:56 of 1st period - Shot Misses the Net.
14:58 of 1st period - Shot by Jacob Trouba.
14:58 of 1st period - Stopped by Chris Driedger without a rebound.
14:59 of 1st period - Bo Horvat wins face-off versus Mark Scheifele in COLUMBUS Blue Jackets zone.
14:59 of 1st period - Bo Horvat is hit by Nikolay Goldobin.
15:06 of 1st period - Off-side.
15:07 of 1st period - Mark Scheifele wins face-off versus Bo Horvat in neutral zone.
15:16 of 1st period - Shot by Mark Scheifele.
15:16 of 1st period - Stopped by Chris Driedger without a rebound.
15:17 of 1st period - Jack Roslovic wins face-off versus Mark Scheifele in COLUMBUS Blue Jackets zone.
15:26 of 1st period - Shot by Jack Roslovic.
15:26 of 1st period - Stopped by Jake Allen without a rebound.
15:27 of 1st period - Jack Roslovic wins face-off versus Mark Scheifele in FLORIDA Panthers zone.
15:50 of 1st period - Shot by Tyler Johnson.
15:50 of 1st period - Stopped by Jake Allen with a rebound.
15:53 of 1st period - Icing by Jared Spurgeon .
15:54 of 1st period - Mark Scheifele wins face-off versus Bo Horvat in FLORIDA Panthers zone.
15:58 of 1st period - Icing by Noah Hanifin.
15:59 of 1st period - Mark Scheifele wins face-off versus Bo Horvat in FLORIDA Panthers zone.
15:59 of 1st period - Mark Scheifele is hit by Bo Horvat.
17:23 of 1st period - Shot by Mikael Backlund.
17:23 of 1st period - Stopped by Chris Driedger with a rebound.
17:25 of 1st period - Shot by Barclay Goodrow.
17:25 of 1st period - Shot Blocked by John Marino.
17:27 of 1st period - Shot by Carter Verhaeghe.
17:27 of 1st period - Goal by Carter Verhaeghe - COLUMBUS Blue Jackets : 2 - FLORIDA Panthers : 2.
17:28 of 1st period - Jack Roslovic wins face-off versus Cody Eakin in neutral zone.
17:34 of 1st period - Jack Roslovic is hit by Jacob Trouba and loses puck.
18:36 of 1st period - Nino Niederreiter is hit by Jacob Trouba.
19:18 of 1st period - Shot by Mikael Backlund.
19:18 of 1st period - Shot Misses the Net.
19:20 of 1st period - Shot by Mikael Backlund.
19:20 of 1st period - Deflect By Carter Verhaeghe.
19:20 of 1st period - Stopped by Chris Driedger without a rebound.
19:21 of 1st period - Mark Scheifele wins face-off versus Colin Blackwell in COLUMBUS Blue Jackets zone.
19:41 of 1st period - Icing by Will Borgen.
19:42 of 1st period - Bo Horvat wins face-off versus Mikael Backlund in COLUMBUS Blue Jackets zone.
19:53 of 1st period - Shot by Colin Blackwell.
19:53 of 1st period - Shot Misses the Net.
Goals for this period are 2 for COLUMBUS Blue Jackets vs 2 for FLORIDA Panthers.
Shots for this period are 12 for COLUMBUS Blue Jackets vs 13 for FLORIDA Panthers.

2nd period


0:01 of 2nd period - Jack Roslovic wins face-off versus Mark Scheifele in neutral zone.
0:06 of 2nd period - Shot by Pierre-luc Dubois.
0:06 of 2nd period - Stopped by Jake Allen without a rebound.
0:07 of 2nd period - Mark Scheifele wins face-off versus Jack Roslovic in FLORIDA Panthers zone.
0:12 of 2nd period - Tyler Johnson is hit by Mark Scheifele and loses puck.
0:17 of 2nd period - Shot by Noah Hanifin.
0:17 of 2nd period - Shot Misses the Net.
0:19 of 2nd period - Shot by Noah Hanifin.
0:19 of 2nd period - Stopped by Chris Driedger without a rebound.
0:20 of 2nd period - Bo Horvat wins face-off versus Mikael Backlund in COLUMBUS Blue Jackets zone.
0:54 of 2nd period - Icing by Barclay Goodrow.
0:55 of 2nd period - Mikael Backlund wins face-off versus Tyler Johnson in FLORIDA Panthers zone.
1:00 of 2nd period - Shot by Barclay Goodrow.
1:00 of 2nd period - Shot Misses the Net.
1:08 of 2nd period - Shot by Mikael Backlund.
1:08 of 2nd period - Deflect By Carter Verhaeghe.
1:08 of 2nd period - Shot Blocked by Dante Fabbro.
1:30 of 2nd period - Jared Spurgeon is hit by Tyler Johnson and loses puck.
1:39 of 2nd period - Shot by Jared Spurgeon .
1:39 of 2nd period - Stopped by Chris Driedger without a rebound.
1:40 of 2nd period - Bo Horvat wins face-off versus Cody Eakin in COLUMBUS Blue Jackets zone.
1:48 of 2nd period - Icing by Jacob Trouba.
1:49 of 2nd period - Bo Horvat wins face-off versus Cody Eakin in FLORIDA Panthers zone.
2:04 of 2nd period - Off-side.
2:05 of 2nd period - Mark Scheifele wins face-off versus Jack Roslovic in neutral zone.
2:10 of 2nd period - Shot by Kiril Kaprizov.
2:10 of 2nd period - Shot Blocked by Jordan Gross.
2:40 of 2nd period - Shot by Kiril Kaprizov.
2:40 of 2nd period - Shot Misses the Net.
2:42 of 2nd period - Shot by Mark Scheifele.
2:42 of 2nd period - Deflect By Kiril Kaprizov.
2:42 of 2nd period - Stopped by Chris Driedger without a rebound.
2:43 of 2nd period - Bo Horvat wins face-off versus Mikael Backlund in COLUMBUS Blue Jackets zone.
3:04 of 2nd period - Shot by Yan Gourde.
3:04 of 2nd period - Shot Blocked by Mario Ferraro.
4:57 of 2nd period - Sven Baertschi is hit by Nikita Zadorov.
5:00 of 2nd period - Icing by Nikita Zadorov.
5:01 of 2nd period - Mark Scheifele wins face-off versus Bo Horvat in FLORIDA Panthers zone.
5:09 of 2nd period - Icing by Dante Fabbro.
5:10 of 2nd period - Cody Eakin wins face-off versus Bo Horvat in COLUMBUS Blue Jackets zone.
5:11 of 2nd period - Shot by Mario Ferraro.
5:11 of 2nd period - Shot Blocked by Dante Fabbro.
5:36 of 2nd period - Icing by John Marino.
5:37 of 2nd period - Bo Horvat wins face-off versus Mikael Backlund in COLUMBUS Blue Jackets zone.
5:37 of 2nd period - John Marino is hit by Carter Verhaeghe and loses puck.
5:42 of 2nd period - Shot by Jared Spurgeon .
5:42 of 2nd period - Stopped by Chris Driedger without a rebound.
5:43 of 2nd period - Jack Roslovic wins face-off versus Nikolay Goldobin in COLUMBUS Blue Jackets zone.
5:45 of 2nd period - Icing by Pierre-luc Dubois.
5:46 of 2nd period - Mark Scheifele wins face-off versus Jack Roslovic in COLUMBUS Blue Jackets zone.
5:46 of 2nd period - Jared Spurgeon is hit by Carson Soucy and loses puck.
6:16 of 2nd period - Icing by Carson Soucy.
6:17 of 2nd period - Barclay Goodrow wins face-off versus Jack Roslovic in COLUMBUS Blue Jackets zone.
6:18 of 2nd period - Shot by Carter Verhaeghe.
6:18 of 2nd period - Stopped by Chris Driedger without a rebound.
6:19 of 2nd period - Mikael Backlund wins face-off versus Bo Horvat in COLUMBUS Blue Jackets zone.
6:34 of 2nd period - Shot by Mikael Backlund.
6:34 of 2nd period - Deflect By Carter Verhaeghe.
6:34 of 2nd period - Stopped by Chris Driedger without a rebound.
6:35 of 2nd period - Jack Roslovic wins face-off versus Mark Scheifele in COLUMBUS Blue Jackets zone.
6:47 of 2nd period - Minor Penalty to William Lagesson for Holding.
6:48 of 2nd period - Mikael Backlund wins face-off versus Jack Roslovic in COLUMBUS Blue Jackets zone.
7:15 of 2nd period - Jack Roslovic is hit by Mikael Backlund and loses puck.
7:40 of 2nd period - Icing by Noah Hanifin.
7:41 of 2nd period - Mikael Backlund wins face-off versus Jack Roslovic in FLORIDA Panthers zone.
8:02 of 2nd period - Shot by Mark Scheifele.
8:02 of 2nd period - Stopped by Chris Driedger without a rebound.
8:03 of 2nd period - Jack Roslovic wins face-off versus Mark Scheifele in COLUMBUS Blue Jackets zone.
9:01 of 2nd period - Shot by Colin Blackwell.
9:01 of 2nd period - Goal by Colin Blackwell - COLUMBUS Blue Jackets : 3 - FLORIDA Panthers : 2.
9:02 of 2nd period - Jack Roslovic wins face-off versus Cody Eakin in neutral zone.
9:13 of 2nd period - Shot by Artturi Lehkonen.
9:13 of 2nd period - Stopped by Jake Allen without a rebound.
9:14 of 2nd period - Justin Danforth wins face-off versus Morgan Geekie in FLORIDA Panthers zone.
9:38 of 2nd period - Icing by Dante Fabbro.
9:39 of 2nd period - Pierre-luc Dubois wins face-off versus Mark Scheifele in COLUMBUS Blue Jackets zone.
9:46 of 2nd period - Nikolay Goldobin is hit by Pierre-luc Dubois and loses puck.
9:54 of 2nd period - Icing by Nikolay Goldobin.
9:55 of 2nd period - Jack Roslovic wins face-off versus Mark Scheifele in FLORIDA Panthers zone.
9:55 of 2nd period - Jack Roslovic is hit by Ian Cole.
10:24 of 2nd period - Icing by Artturi Lehkonen.
10:25 of 2nd period - Jack Roslovic wins face-off versus Mikael Backlund in COLUMBUS Blue Jackets zone.
10:45 of 2nd period - Icing by Carson Soucy.
10:46 of 2nd period - Jack Roslovic wins face-off versus Cody Eakin in COLUMBUS Blue Jackets zone.
13:26 of 2nd period - Icing by Mario Ferraro.
13:27 of 2nd period - Mikael Backlund wins face-off versus Jack Roslovic in FLORIDA Panthers zone.
13:54 of 2nd period - Shot by Ian Cole.
13:54 of 2nd period - Stopped by Chris Driedger with a rebound.
14:04 of 2nd period - Shot by Jack Roslovic.
14:04 of 2nd period - Deflect By Sven Baertschi.
14:04 of 2nd period - Stopped by Jake Allen with a rebound.
14:06 of 2nd period - Shot by William Lagesson.
14:06 of 2nd period - Shot Misses the Net.
15:39 of 2nd period - Shot by Mark Scheifele.
15:39 of 2nd period - Stopped by Chris Driedger without a rebound.
15:40 of 2nd period - Cody Eakin wins face-off versus Pierre-luc Dubois in COLUMBUS Blue Jackets zone.
16:48 of 2nd period - Shot by Sven Baertschi.
16:48 of 2nd period - Stopped by Jake Allen with a rebound.
17:21 of 2nd period - Shot by Colin Blackwell.
17:21 of 2nd period - Shot Misses the Net.
17:28 of 2nd period - Icing by Nikita Zadorov.
17:29 of 2nd period - Nikolay Goldobin wins face-off versus Pierre-luc Dubois in FLORIDA Panthers zone.
18:35 of 2nd period - Shot by Carter Verhaeghe.
18:35 of 2nd period - Stopped by Chris Driedger with a rebound.
18:45 of 2nd period - Shot by Rickard Rakell.
18:45 of 2nd period - Shot Blocked by John Marino.
19:01 of 2nd period - Shot by Michael Bunting.
19:01 of 2nd period - Stopped by Chris Driedger without a rebound.
19:02 of 2nd period - Jack Roslovic wins face-off versus Morgan Geekie in COLUMBUS Blue Jackets zone.
19:22 of 2nd period - Icing by Justin Scott.
19:23 of 2nd period - Jack Roslovic wins face-off versus Morgan Geekie in FLORIDA Panthers zone.
19:27 of 2nd period - Icing by Justin Scott.
19:28 of 2nd period - Jack Roslovic wins face-off versus Morgan Geekie in FLORIDA Panthers zone.
19:35 of 2nd period - Shot by Artturi Lehkonen.
19:35 of 2nd period - Shot Blocked by Justin Scott.
19:37 of 2nd period - Shot by Sven Baertschi.
19:37 of 2nd period - Deflect By Jack Roslovic.
19:37 of 2nd period - Shot Blocked by Mario Ferraro.
19:41 of 2nd period - Shot by Artturi Lehkonen.
19:41 of 2nd period - Deflect By Jack Roslovic.
19:41 of 2nd period - Shot Blocked by Ian Cole.
19:43 of 2nd period - Shot by Will Borgen.
19:43 of 2nd period - Stopped by Jake Allen with a rebound.
Goals for this period are 1 for COLUMBUS Blue Jackets vs 0 for FLORIDA Panthers.
Shots for this period are 6 for COLUMBUS Blue Jackets vs 11 for FLORIDA Panthers.

3rd period


0:01 of 3rd period - Mark Scheifele wins face-off versus Jack Roslovic in neutral zone.
0:54 of 3rd period - Colin Blackwell is hit by Kiril Kaprizov and loses puck.
1:25 of 3rd period - Minor Penalty to Carson Soucy for Hooking.
1:26 of 3rd period - Mikael Backlund wins face-off versus Jack Roslovic in COLUMBUS Blue Jackets zone.
3:13 of 3rd period - Shot by Ian Cole.
3:13 of 3rd period - Shot Misses the Net.
3:31 of 3rd period - Colin Blackwell is hit by Michael Bunting and loses puck.
3:46 of 3rd period - Icing by Carson Soucy.
3:47 of 3rd period - Morgan Geekie wins face-off versus Bo Horvat in COLUMBUS Blue Jackets zone.
4:02 of 3rd period - Shot by Morgan Geekie.
4:02 of 3rd period - Stopped by Chris Driedger without a rebound.
4:03 of 3rd period - Mark Scheifele wins face-off versus Pierre-luc Dubois in COLUMBUS Blue Jackets zone.
4:06 of 3rd period - Shot by Kiril Kaprizov.
4:06 of 3rd period - Shot Blocked by John Marino.
4:54 of 3rd period - Shot by Sven Baertschi.
4:54 of 3rd period - Shot Misses the Net.
5:39 of 3rd period - Shot by Bo Horvat.
5:39 of 3rd period - Shot Misses the Net.
7:10 of 3rd period - Barclay Goodrow is hit by Sven Baertschi and loses puck.
7:32 of 3rd period - Icing by William Lagesson.
7:33 of 3rd period - Jack Roslovic wins face-off versus Cody Eakin in COLUMBUS Blue Jackets zone.
7:33 of 3rd period - Jack Roslovic is hit by Nikita Zadorov.
8:29 of 3rd period - Shot by Colin Blackwell.
8:29 of 3rd period - Goal by Colin Blackwell - COLUMBUS Blue Jackets : 4 - FLORIDA Panthers : 2.
8:29 of 3rd period - Hunter Miska enters game.
8:30 of 3rd period - Morgan Geekie wins face-off versus Pierre-luc Dubois in neutral zone.
8:51 of 3rd period - Shot by Justin Scott.
8:51 of 3rd period - Stopped by Chris Driedger with a rebound.
8:53 of 3rd period - Shot by Justin Scott.
8:53 of 3rd period - Shot Misses the Net.
9:53 of 3rd period - Carter Verhaeghe is hit by Will Borgen and loses puck.
10:05 of 3rd period - Minor Penalty to Will Borgen for Holding Stick.
10:06 of 3rd period - Rickard Rakell wins face-off versus Jack Roslovic in COLUMBUS Blue Jackets zone.
10:09 of 3rd period - Shot by Ian Cole.
10:09 of 3rd period - Stopped by Chris Driedger without a rebound.
10:10 of 3rd period - Mikael Backlund wins face-off versus Jack Roslovic in COLUMBUS Blue Jackets zone.
10:17 of 3rd period - Shot by Justin Scott.
10:17 of 3rd period - Shot Misses the Net.
10:27 of 3rd period - Shot by Ian Cole.
10:27 of 3rd period - Shot Misses the Net.
10:29 of 3rd period - Shot by Ian Cole.
10:29 of 3rd period - Stopped by Chris Driedger with a rebound.
10:31 of 3rd period - Shot by Mario Ferraro.
10:31 of 3rd period - Deflect By Mikael Backlund.
10:31 of 3rd period - Shot Blocked by Carson Soucy.
10:33 of 3rd period - Shot by Ian Cole.
10:33 of 3rd period - Shot Misses the Net.
10:35 of 3rd period - Shot by Mikael Backlund.
10:35 of 3rd period - Stopped by Chris Driedger without a rebound.
10:36 of 3rd period - Jack Roslovic wins face-off versus Mark Scheifele in COLUMBUS Blue Jackets zone.
10:43 of 3rd period - Shot by Mark Scheifele.
10:43 of 3rd period - Shot Misses the Net.
10:45 of 3rd period - Shot by Mark Scheifele.
10:45 of 3rd period - Stopped by Chris Driedger with a rebound.
10:47 of 3rd period - Shot by Jared Spurgeon .
10:47 of 3rd period - Shot Blocked by William Lagesson.
10:49 of 3rd period - Shot by Jared Spurgeon .
10:49 of 3rd period - Shot Misses the Net.
10:51 of 3rd period - Shot by Noah Hanifin.
10:51 of 3rd period - Shot Misses the Net.
10:53 of 3rd period - Shot by Kiril Kaprizov.
10:53 of 3rd period - Shot Misses the Net.
11:51 of 3rd period - Shot by Mario Ferraro.
11:51 of 3rd period - Shot Blocked by Dante Fabbro.
11:53 of 3rd period - Shot by Mario Ferraro.
11:53 of 3rd period - Shot Blocked by John Marino.
12:00 of 3rd period - Shot by Mario Ferraro.
12:00 of 3rd period - Shot Blocked by Dante Fabbro.
12:02 of 3rd period - Shot by Mikael Backlund.
12:02 of 3rd period - Shot Blocked by John Marino.
12:12 of 3rd period - Shot by Colin Blackwell.
12:12 of 3rd period - Stopped by Hunter Miska without a rebound.
12:13 of 3rd period - Cody Eakin wins face-off versus Bo Horvat in FLORIDA Panthers zone.
12:32 of 3rd period - Shot by Yan Gourde.
12:32 of 3rd period - Shot Blocked by Cody Eakin.
12:47 of 3rd period - Off-side.
12:48 of 3rd period - Mikael Backlund wins face-off versus Pierre-luc Dubois in neutral zone.
13:07 of 3rd period - Shot by Pierre-luc Dubois.
13:07 of 3rd period - Stopped by Hunter Miska without a rebound.
13:08 of 3rd period - Morgan Geekie wins face-off versus Jack Roslovic in FLORIDA Panthers zone.
13:22 of 3rd period - Shot by Mario Ferraro.
13:22 of 3rd period - Shot Misses the Net.
13:24 of 3rd period - Shot by Justin Scott.
13:24 of 3rd period - Stopped by Chris Driedger without a rebound.
13:25 of 3rd period - Bo Horvat wins face-off versus Mark Scheifele in COLUMBUS Blue Jackets zone.
14:08 of 3rd period - Carson Soucy is hit by Kiril Kaprizov and loses puck.
14:58 of 3rd period - Icing by Kiril Kaprizov.
14:59 of 3rd period - Mark Scheifele wins face-off versus Jack Roslovic in FLORIDA Panthers zone.
15:34 of 3rd period - Shot by Carter Verhaeghe.
15:34 of 3rd period - Shot Blocked by Will Borgen.
15:40 of 3rd period - Shot by Mikael Backlund.
15:40 of 3rd period - Goal by Mikael Backlund - COLUMBUS Blue Jackets : 4 - FLORIDA Panthers : 3.
15:41 of 3rd period - Cody Eakin wins face-off versus Pierre-luc Dubois in neutral zone.
17:00 of 3rd period - Shot by Mikael Backlund.
17:00 of 3rd period - Shot Misses the Net.
17:29 of 3rd period - Shot by Colin Blackwell.
17:29 of 3rd period - Shot Misses the Net.
17:31 of 3rd period - Shot by Yan Gourde.
17:31 of 3rd period - Shot Misses the Net.
17:33 of 3rd period - Shot by Yan Gourde.
17:33 of 3rd period - Stopped by Hunter Miska without a rebound.
17:34 of 3rd period - Morgan Geekie wins face-off versus Sven Baertschi in FLORIDA Panthers zone.
17:57 of 3rd period - Shot by Sven Baertschi.
17:57 of 3rd period - Stopped by Hunter Miska without a rebound.
17:58 of 3rd period - Mark Scheifele wins face-off versus Jack Roslovic in FLORIDA Panthers zone.
17:58 of 3rd period - Mark Scheifele is hit by Pierre-luc Dubois.
18:26 of 3rd period - Shot by Tyler Johnson.
18:26 of 3rd period - Stopped by Hunter Miska without a rebound.
18:27 of 3rd period - Bo Horvat wins face-off versus Carter Verhaeghe in FLORIDA Panthers zone.
18:30 of 3rd period - Shot by Colin Blackwell.
18:30 of 3rd period - Shot Hit the Post.
18:46 of 3rd period - Shot by Bo Horvat.
18:46 of 3rd period - Shot Misses the Net.
19:04 of 3rd period - FLORIDA Panthers, Hunter Miska is pulled from the net.
Goals for this period are 1 for COLUMBUS Blue Jackets vs 1 for FLORIDA Panthers.
Shots for this period are 6 for COLUMBUS Blue Jackets vs 8 for FLORIDA Panthers.